AoeStats
← zamithdaniel

MegaRandom

508249748Analyzed
3v3 RM · 11d ago on Sep 21, 2026· 41m 44s· 6 players
Game mode
Random Map
Map size
Normal (6 player)
Population
200
Speed
Normal
Resources
Standard
Victory
Conquest
Starting age
Dark Age
Ending age
Imperial Age
RankedLock teamsTeams togetherTeam positionsShared explorationLock speedFull tech treeHidden civsTurbo modeCheats
Victory
Defeat
🇩🇪 Khitans · Germany
1056
+9
🇩🇪 Spanish · Germany
834
+17
🇩🇪 Franks · Germany
813
+18
🇦🇷 Franks · Argentina
892
-15
🇨🇴 Mongols · Colombia
868
-15
🇮🇪 Spanish · Ireland
857
-14
zamithdaniel
12:06 Feudal Age
18:19 Castle Age
16:08 Horse Collar
19:25 Double-Bit Axe
21:01 Stone Mining
22:03 Padded Archer Armor
21:56 Fletching
31:07 Gold Mining
35:20 Imperial Age
32:55 Bodkin Arrow
33:44 Gold Shaft Mining
33:38 Ballistics
34:29 Heavy Plow
34:43 Loom
35:35 Wheelbarrow
34:46 Town Watch
35:55 Fortified Wall
37:28 Chemistry
36:24 Onager
37:29 Drill
38:06 Hand Cart
39:29 Bow Saw
39:18 Elite Mangudai
40:23 Conscription
jhonzx_11
11:12 Feudal Age
18:15 Castle Age
17:03 Double-Bit Axe
19:00 Husbandry
26:33 Wheelbarrow
26:18 Stone Mining
28:01 Gold Mining
31:01 Loom
34:57 Imperial Age
33:04 Elite Skirmisher
36:03 Conscription
35:44 Cavalier
37:43 Gold Shaft Mining
Thegreatnoticing
9:26 Loom
11:15 Feudal Age
12:24 Double-Bit Axe
17:12 Castle Age
17:33 Wheelbarrow
17:42 Horse Collar
23:32 Fishing Lines
24:52 Bow Saw
26:02 Fletching
26:12 Padded Archer Armor
27:42 Scale Barding Armor
29:22 Forging
Afrobrook
10:49 Feudal Age
11:59 Double-Bit Axe
13:21 Loom
17:20 Castle Age
18:56 Bow Saw
18:24 Heavy Cavalry Archer
21:03 Heavy Cavalry Archer
21:44 Fletching
25:18 Gold Mining
26:42 Padded Archer Armor
27:26 Domestication
28:13 Bodkin Arrow
29:56 Leather Archer Armor
31:11 Ballistics
36:00 Imperial Age
35:52 Stone Mining
36:07 Pastoralism
36:53 Bracer
37:24 Ring Archer Armor
37:25 Parthian Tactics
38:13 Pikeman
40:50 Chemistry
41:41 Two-Man Saw
41:21 Stone Shaft Mining
41:19 Transhumance
40:42 Heavy Camel Rider
41:41 Scale Barding Armor
41:46 Forging
Benninator
8:44 Loom
11:25 Feudal Age
15:02 Wheelbarrow
17:33 Castle Age
18:05 Double-Bit Axe
23:00 Forging
29:55 Scale Barding Armor
30:26 Iron Casting
29:45 Fletching
33:30 Ballistics
33:29 Bow Saw
33:27 Husbandry
33:52 Chain Barding Armor
33:32 Bodkin Arrow
33:18 Pikeman
38:39 Imperial Age
38:46 Murder Holes
39:03 Fortified Wall
39:09 Scale Mail Armor
39:29 Cavalier
40:50 Plate Barding Armor
41:35 Chivalry
41:57 Conscription
42:15 Hand Cart
41:46 Town Watch
osmanaktas6858
3:30 Loom
11:26 Feudal Age
12:21 Double-Bit Axe
17:17 Horse Collar
23:57 Castle Age
22:26 Scale Mail Armor
23:12 Gold Mining
23:16 Stone Mining
26:34 Bow Saw
25:47 Pikeman
34:02 Imperial Age
33:24 Wheelbarrow
35:03 Hand Cart
37:04 Chemistry
37:06 Halberdier
Connection lost

Rejoining the realm…

Still unreachable

The connection could not be restored.

Session expired

The server has moved on; the page needs a fresh start.